 Dungeon Crawl Stone Soup version 0.29-a0-1023-g6ae1a4a2c7 (webtiles) character file.

Game seed: 16953206072459883887

11 Pooter the Caller (level 2, 0/11 HPs)
             Began as a Felid Summoner on Aug 11, 2022.
             Constricted to death by a ball python (1 damage)
             ... on level 1 of the Dungeon.
             The game lasted 00:05:26 (420 turns).

Pooter the Caller (Felid Summoner)                   Turns: 420, Time: 00:05:26

Health: 0/11       AC:  1    Str:  4    XL:     2   Next: 17%
Magic:  2/6        EV: 14    Int: 16    God:
Gold:   21         SH:  0    Dex: 16    Spells: 2/5 levels left
                                        Lives:  0   Deaths: 0

rFire   . . .      SeeInvis +   (weapon unavailable)
rCold   . . .      Faith    .   (shield unavailable)
rNeg    . . .      Spirit   .   (body armour unavailable)
rPois   .          Reflect  .   (helmet unavailable)
rElec   .          Harm     .   (cloak unavailable)
rCorr   .          Rampage  .   (gloves unavailable)
Will    .....                   (boots unavailable)
Stlth   ++........              (no amulet)
HPRegen 0.03/turn               (no ring)
MPRegen 0.10/turn               (no ring)

@: constricted, quick
A: very small, claws 1, fangs 3, see invisible, speed 1, shaggy fur 1, stealthy
paws, no weapons or thrown items, no armour, multi-lived
a: no special abilities


You were on level 1 of the Dungeon.
You visited 1 branch of the dungeon, and saw 1 of its levels.

You collected 21 gold pieces.

Inventory:

Scrolls
 d - a scroll of poison {unknown}
 e - a scroll of summoning {unknown}
 f - a scroll of teleportation {unknown}
Potions
 b - a potion of invisibility {unknown}
 c - a potion of cancellation {unknown}


   Skills:
 - Level 2.6 Dodging
 - Level 2.6 Stealth
 + Level 2.4 Spellcasting
 + Level 4.2 Summonings


You had 2 spell levels left.
You knew the following spells:

 Your Spells              Type           Power      Damage    Failure   Level
a - Summon Small Mammal   Summ           60%        N/A       3%          1
b - Call Imp              Summ           15%        N/A       5%          2

Your spell library contained the following spells:

 Spells                   Type           Power      Damage    Failure   Level
 Call Canine Familiar     Summ           15%        N/A       11%         3
 Summon Guardian Golem    Hex/Summ       8%         N/A       26%         3
 Summon Lightning Spire   Summ/Air       8%         N/A       63%         4


Dungeon Overview and Level Annotations

Branches:
Dungeon (1/15)

Altars:


Innate Abilities, Weirdness & Mutations

You have sharp claws.
You have razor-sharp teeth.
You have supernaturally acute eyesight. (SInv)
You cover ground quickly. (Speed+)
You are covered in fur. (AC +1)
Your paws help you pounce on unaware monsters.
You are incapable of wielding weapons or throwing items.
You cannot wear armour.
You gain extra lives every three experience levels.


Message History

Something completely misses your bat. The jackal barely misses you.
You see here 2 scrolls labelled LOBETS AZOAMNA.
The jackal attacks as you move away! The jackal completely misses you.
The jackal barely misses your rat.
Your rat bites the jackal.
You see here 2 stones.
You scratch the jackal. Your bat misses the jackal.
A bat comes into view.
Your bat misses the jackal. The jackal bites your rat.
The jackal closely misses you.
The jackal bites your rat but does no damage.
Your rat bites the jackal.
You scratch the jackal.
You kill the jackal!
Your bat closely misses the quokka.
Your bat closely misses the jackal.
The jackal barely misses your rat. The jackal closely misses your rat.
Your rat closely misses the jackal.
Something hits your bat. Something barely misses your bat.
You scratch the ball python.
Your bat closely misses the jackal.
Something closely misses your bat. The jackal bites your rat.
Your rat dies!
Your rat's corpse disappears in a puff of smoke!
The ball python bites you. The ball python grabs you.
The ball python constricts you.
You closely miss the ball python.
Your bat closely misses the jackal. x2
Your bat misses the bat. The ball python bites you.
The ball python constricts you.
* * * LOW HITPOINT WARNING * * *
Your crimson imp misses the quokka.
You closely miss the ball python. The ball python closely misses you.
The ball python constricts you.
Unknown command.
Magic courses through your body.
Your bat misses the bat. The ball python closely misses you.
The ball python constricts you.
* * * LOW HITPOINT WARNING * * *
Your bat closely misses the bat.
Your crimson imp closely misses the quokka.
Nothing appears to happen.
Your bat barely misses the bat.
The ball python completely misses you. The ball python constricts you.
Your crimson imp barely misses the quokka.
The ball python barely misses you. The ball python constricts you.
* * * LOW HITPOINT WARNING * * *
Nothing appears to happen.
* * * LOW MAGIC WARNING * * *
Your bat misses the bat.
Your crimson imp barely misses the quokka.
The ball python bites you.
* * * LOW HITPOINT WARNING * * *
The ball python constricts you.
You die...

# ....... #
#......:.
#.......)
#...J.... #
#.†S..... #.
#.........##.#.
####J.....$.......
#@Shhb.b.... ###.#
###br5####.. ..
###....# #. #.#
####.# #.#.. #.#
#...# # #.# #..###
#.####..#..
#..........
#####.#.#..


You could see an endoplasm, a quokka (ally target), 2 jackals, 2 bats, a ball
python, a friendly crimson imp (summoned) and a friendly bat (summoned).

Vanquished Creatures
  A giant cockroach (D:1)
  A jackal (D:1)
2 creatures vanquished.

Vanquished Creatures (collateral kills)
  A dart slug (D:1)
  A ball python (D:1)
  A giant cockroach (D:1)
  A jackal (D:1)
  A frilled lizard (D:1)
  A kobold (D:1)
  A rat (D:1)
7 creatures vanquished.

Grand Total: 9 creatures vanquished

Notes
Turn   | Place    | Note
-------+----------+-------------------------------------------
     0 | D:1      | Pooter the Felid Summoner began the quest for the Orb.
     0 | D:1      | Reached XP level 1. HP: 7/7 MP: 4/4
   348 | D:1      | Reached XP level 2. HP: 9/11 MP: 3/6
   351 | D:1      | Learned a level 2 spell: Call Imp
   420 | D:1      | Constricted to death by a ball python

Illustrated notes

Levels and vault maps discovered:
D:1:      dpeg_arrival_three_smaller_balls, layout_rooms, serial_bayou_pond_d

Action                   || total
-------------------------++-------
Melee: Unarmed           ||     7
 Cast: Summon Small Mamm ||    19
       Call Imp          ||     4
  Use: Potion            ||     1
Dodge: Dodged            ||    10

Table legend: (Time is in decaauts)
 A = Elapsed time spent in this place.
 B = Non-inter-level travel time spent in this place.
 C = Inter-level travel time spent in this place.
 D = Time resting spent in this place.
 E = Time spent auto-exploring this place.
 F = Levels seen in this place.
 G = Mean time per level.
                   A        B        C        D        E       F      G
               +--------+--------+--------+--------+--------+-----+--------+
         Total |    387 |    387 |      0 |      0 |    282 |   1 |  387.0 |
       Dungeon |    387 |    387 |      0 |      0 |    282 |   1 |  387.0 |
               +--------+--------+--------+--------+--------+-----+--------+

Top non-repeatable levels by time:
     D:1: 387 daAuts
